Description

Hatch first, 2 base, +1 and speed roach push @5 min. Prep for transition to 3 base hydra behind if necessary.

If timed exactly, speed and +1 will finish at the same time.

Pushes about 10-12 roaches across the map at the 5 min mark.

Replay - Toss rages at Roach timing

Build Order

Get SALT Encoding   

  12  0:00  Drone  
  13  0:12  Overlord  
  13  0:17  Drone  
  14  0:31  Drone x2  
  16  0:48  Hatchery  
  15  0:51  Drone x2  
  17  0:58  Drone  
  18  1:09  Extractor  
  17  1:13  Spawning Pool  
  17  1:17  Drone x2  
  18  1:28  Drone  
  20  2:00  Queen x2  
  25  2:01  Overlord  
  28  2:28  Evolution Chamber  11 seconds after starting queens
  29  2:36  Queen  Start 3rd queen at nat immediately
  33  2:39  Lair  @100% Queens
  33  2:44  Overlord  
  34  2:53  Roach Warren  18 seconds after starting Lair
  34  2:58  Zerg Missile Weapons Level 1  @100% evo
  37  3:13  Overlord  
  43  3:27  Extractor x2  
  43  3:31  Overlord  
  42  3:36  Glial Reconstitution  @100% lair (should be as Warren finishes)
  47  3:57  Roach x3  
  53  4:04  Spore Crawler  as needed
  53  4:10  Spore Crawler  
  53  4:11  Queen x2  probably should start sooner
  53  4:16  Roach  
  59  4:44  Roach x6  
  91  5:43  Hydralisk Den  precautionary measure
  91  5:52  Extractor  
  91  5:56  Zerg Ground Armor Level 1  When possible
  62  7:43  Hydralisk x10  
  58  7:47  Grooved Spines  
  84  8:59  Muscular Augments  
Spawning Tool Build Advisor. Get it on Overwolf

Analysis

Been playing around with this and it happened to go particularly well for my new season placement. Thought I'd link the build here and asks for any thoughts/feedback (besides for the supply block at 4:16). I was also late with the evo so +1 was 10 seconds behind.

Granted this is a stomp of a game (also if you watch the replay they really raged at me).

Go to:

Details

  • Created by: LxTRex
  • Published on: Apr 01, 2022
  • Modified on: Apr 01, 2022
  • Patch: 4.11.0
  • Difficulty: Easy
Show
View Real Time Build Order
Export as new Build Order

Comments (0)

There are no comments. Be the first!

Create an account to comment!